 Dungeon Crawl Stone Soup version 0.20-a0-830-g2c9a30d (webtiles) character file.

1731 krabocopter the Grappler (level 9, 0/77 (79) HPs)
             Began as a Ghoul Monk on Mar 6, 2017.
             Slain by a killer bee (3 damage)
             ... on level 8 of the Dungeon.
             The game lasted 00:14:52 (4931 turns).

krabocopter the Grappler (Ghoul Monk)               Turns: 4931, Time: 00:14:52

HP:   0/77 (79)     AC: 14    Str: 15 (17) XL:     9   Next: 5%
MP:   8/8           EV:  7    Int:  4 (5)  God:
Gold: 276           SH:  0    Dex: 12      Spells: 8/8 levels left

rFire    . . .     SeeInvis .     - Unarmed
rCold    + . .     Gourm    .   d - +0 storm dragon scales
rNeg     + + +     Faith    .   (no shield)
rPois    ∞         Spirit   .   (no helmet)
rElec    +         Reflect  .   j - +0 cloak (curse)
rCorr    .         Harm     .   y - +0 pair of gloves
MR       .....                  (no boots)
Stlth    ..........             o - amulet of magic regeneration
Regen    0.0/turn               (no ring)
MPRegen  0.2/turn               (no ring)

@: very slightly contaminated, rotting
A: rotting body, claws 1, carnivore 3, cold resistance 1, negative energy
resistance 3, inhibited regeneration, torment resistance, unbreathing
a: no special abilities


You were on level 8 of the Dungeon.
You were not hungry.

You visited 1 branch of the dungeon, and saw 8 of its levels.
You also visited: Bailey.

You collected 276 gold pieces.

Inventory:

Armour
 d - +0 storm dragon scales (worn)
 j - a cursed +0 cloak (worn)
 y - a +0 pair of gloves (worn)
Jewellery
 o - an amulet of magic regeneration (around neck)
Wands
 l - a wand of digging (8/24)
 r - a wand of random effects (26/48)
 t - a wand of confusion (23/48)
 C - a wand of confusion (23/48)
Scrolls
 c - 4 scrolls of amnesia
 e - a scroll of enchant armour {unknown}
 f - 2 scrolls of fog {unknown}
 g - 3 scrolls of recharging {unknown}
 h - 2 scrolls of noise {unknown}
 k - 2 scrolls of random uselessness {unknown}
 m - 6 scrolls of remove curse {unknown}
 p - 13 scrolls of identify
 s - a scroll of teleportation {unknown}
 u - 4 scrolls of immolation {unknown}
 w - a scroll of magic mapping {unknown}
 z - a scroll of vulnerability {unknown}
 D - a scroll of fear {unknown}
Potions
 i - a potion of curing
 q - a potion of flight
 B - a potion of haste
Books
 A - a book of Necromancy

   Spells                             Type                      Level
   a - Pain                           Necromancy                   1
   b - Animate Skeleton               Necromancy                   1
   c - Vampiric Draining              Necromancy                   3
   d - Regeneration                   Charms/Necromancy            3
   e - Animate Dead                   Necromancy                   4
   f - Control Undead                 Necromancy                   4
Comestibles
 a - 6 royal jellies
 b - 2 meat rations


   Skills:
 + Level 7.1 Fighting
 + Level 4.6 Armour
 - Level 2.6 Dodging
 - Level 2.1 Stealth
 * Level 9.4 Unarmed Combat


You had 8 spell levels left.
You didn't know any spells.

Dungeon Overview and Level Annotations

Branches:
Dungeon (8/15)
 Temple: D:4-7         Lair: D:8-11

Altars:
Ashenzari

Shops:
D:4 ?=*(


Innate Abilities, Weirdness & Mutations

Your body is rotting away.
You thrive on raw meat.
You are immune to poison.
You have sharp fingernails.
You are carnivorous and can eat meat at any time.
Your flesh is cold resistant. (rC+)
You are immune to negative energy. (rN+++)
You do not regenerate when monsters are visible.
You are immune to unholy pain and torment.
You can survive without breathing.


Message History

The centaur shoots an arrow.
The arrow closely misses you. The killer bee closely misses you.
The killer bee stings you but does no damage.
There is an open door here.
You see here an arrow.
The killer bee stings you but does no damage.
The killer bee stings you.
* * * LOW HITPOINT WARNING * * *
You take 3 damage, and have 4/78 hp.
The killer bee stings you but does no damage.
You see here a leather armour.
You feel a little less clever now.
You feel your flesh rotting away. The killer bee stings you.
* * * LOW HITPOINT WARNING * * *
There is a stone staircase leading up here.
You take 1 damage, and have 3/77 hp.
Okay, then.
The killer bee stings you.
You die...

...# .>.# .... #..##
#.... #...# .....
##.#.####
......+.......#
......#..#....#
.........#....######
#@y.c........#
##.##(#.[....#
#.##.#..[...#
#.##..####### .
#.###.#
...)##.###c######
#...............
#....###...#####
#....# #...#


You could see a centaur and a killer bee.

Vanquished Creatures
  Edmund (D:6)
  Duvessa (D:6)
  2 sky beasts (D:5)
  An ice beast (D:5)
  2 bullfrogs
  Dowan (D:6)
  A scorpion (D:6)
  2 killer bees (D:7)
  The ghost of nht the Ruffian, a weakling DrTm (D:3)
  5 howler monkeys
  4 crimson imps
  2 hounds
  A centaur skeleton (D:7)
  An orc priest (D:5)
  An orc wizard (D:5)
  Terence (D:2)
  An iguana (D:6)
  Natasha (thrice) (D:2)
  4 worker ants
  The ghost of 4thArraOfDagon the Magician, a weakling FeWn (D:4)
  4 gnolls (D:2)
  4 adders
  An ooze (D:2)
  An adder zombie (D:7)
  2 adder skeletons (D:4)
  3 dart slugs (D:1)
  A leopard gecko (D:2)
  7 orcs (D:5)
  7 bats
  3 giant cockroaches
  7 goblins
  7 hobgoblins
  7 jackals
  2 quokkas
  6 frilled lizards
  8 kobolds
  11 rats
117 creatures vanquished.

Notes
Turn   | Place    | Note
-------+----------+-------------------------------------------
     0 | D:1      | krabocopter the Ghoul Monk began the quest for the Orb.
     0 | D:1      | Reached XP level 1. HP: 19/19 MP: 0/0
    85 | D:1      | Reached XP level 2. HP: 22/26 MP: 1/1
   297 | D:1      | Reached skill level 4 in Unarmed Combat
   394 | D:1      | Reached XP level 3. HP: 33/33 MP: 2/2
   913 | D:2      | Noticed Terence
   936 | D:2      | Killed Terence
   936 | D:2      | Reached XP level 4. HP: 29/40 MP: 3/3
  1024 | D:2      | Noticed Natasha
  1037 | D:2      | Killed Natasha
  1037 | D:2      | Reached skill level 1 in Armour
  1114 | D:2      | Noticed Natasha
  1119 | D:2      | Killed Natasha
  1119 | D:2      | Reached skill level 5 in Unarmed Combat
  1119 | D:2      | Reached XP level 5. HP: 45/46 MP: 4/4
  1395 | D:2      | Noticed Natasha
  1405 | D:2      | Killed Natasha
  1560 | D:3      | Noticed nht's ghost (weakling DrTm)
  2304 | D:3      | Killed nht's ghost
  2304 | D:3      | Reached XP level 6. HP: 53/53 MP: 5/5
  2575 | D:4      | Reached skill level 6 in Unarmed Combat
  2580 | D:4      | Found Hyseopu's General Store.
  2619 | D:4      | Noticed 4thArraOfDagon's ghost (weakling FeWn)
  2621 | D:4      | Killed 4thArraOfDagon's ghost
  2669 | D:4      | Found Ciepliol's Weapon Emporium.
  2697 | D:4      | Reached skill level 5 in Fighting
  2750 | D:4      | Found Qes Furgh's Jewellery Boutique.
  2761 | D:4      | Found Rigumu's Magic Scroll Boutique.
  2997 | D:5      | Entered Level 5 of the Dungeon
  3091 | D:5      | Reached XP level 7. HP: 45/61 MP: 6/6
  3213 | D:5      | Reached skill level 7 in Unarmed Combat
  3614 | D:5      | Reached XP level 8. HP: 64/69 MP: 7/7
  3634 | D:5      | Found a shattered altar of Ashenzari.
  4018 | D:6      | Reached skill level 8 in Unarmed Combat
  4034 | D:6      | Noticed Dowan
  4035 | D:6      | Noticed Duvessa
  4051 | D:6      | Killed Duvessa
  4062 | D:6      | Killed Dowan
  4165 | D:6      | Noticed Edmund
  4187 | D:6      | Killed Edmund
  4781 | D:7      | Found a flagged portal.
  4791 | Bailey   | Entered a bailey
  4799 | Bailey   | Noticed Gorglomux's ghost (novice TrWn)
  4800 | Bailey   | Noticed Vojta's ghost (novice SpAr)
  4823 | D:7      | Reached skill level 9 in Unarmed Combat
  4879 | D:7      | Reached XP level 9. HP: 14/79 MP: 8/8
  4930 | D:8      | HP: 3/77 [killer bee (1)]
  4931 | D:8      | Slain by a killer bee

Vault maps used:
D:1:      minmay_arrival_jagged
D:2:      uniq_natasha, uniq_terence
D:4:      serial_shops, shop_statue, shop, shop, shop_scrolls
D:5:      ashenzari_altar_1, first_bread
D:6:      minivault_24, uniq_duvessa, uniq_edmund
D:7:      minmay_temple_entry_hall, serial_shops, shop, enter_bailey_2
Bailey:   bailey_axe_minmay_hex_keep, bailey

Skill      XL: |  1  2  3  4  5  6  7  8 |
---------------+-------------------------+-----
Unarmed Combat | 4 5 6 7 9 |  9.4
Fighting       | 4 5 7 |  7.1
Armour         | 1 2 3 4 |  4.6
Dodging        | |  2.6
Stealth        | |  2.1

Action                   |  1- 3 |  4- 6 |  7- 9 || total
-------------------------+-------+-------+-------++-------
Melee: Unarmed           |    99 |   203 |   230 ||   532
       Punch             |     4 |     2 |     2 ||     8
  Use: Potion            |       |     1 |     5 ||     6
       Scroll            |       |     2 |       ||     2
 Stab: Sleeping          |     4 |       |       ||     4
       Invisible         |       |       |     1 ||     1
  Eat: Chunk             |     6 |    16 |    14 ||    36
       Meat ration       |       |       |     1 ||     1
Armor: Robe              |    17 |       |       ||    17
       Storm dragon scal |    21 |   105 |   173 ||   299
Dodge: Dodged            |    55 |    75 |    88 ||   218
